 Dungeon Crawl Stone Soup version 0.29.1-1-gd02db6906a (webtiles) character file.

Game seed: 7900003488373031238

281 EvilAshe the Slasher (level 6, -1/15 (53) HPs)
             Began as a Meteoran Fighter on Sept 16, 2022.
             Slain by a howler monkey (3 damage)
             ... on level 7 of the Dungeon.
             The game lasted 00:06:20 (2035 turns).

EvilAshe the Slasher (Meteoran Fighter)             Turns: 2035, Time: 00:06:21

HP:   -1/15 (53)    AC:  8    Str: 20    XL:     6   Next: 83%
MP:   7/7           EV:  9    Int: 10    God:
Gold: 123           SH:  5    Dex: 13    Spells: 5/5 levels left

rFire   . . .      SeeInvis .   a - +0 long sword
rCold   . . .      Faith    .   c - +0 buckler
rNeg    . . .      Spirit   .   b - +0 scale mail
rPois   .          Reflect  .   (no helmet)
rElec   .          Harm     .   l - +0 cloak
rCorr   .          Rampage  .   (no gloves)
Will    .....                   (no boots)
Stlth   ..........              (no amulet)
HPRegen 0.05/turn               (no ring)
MPRegen 0.10/turn               (no ring)

@: glowing, extremely drained
A: sense surroundings 1, otherworldly, glowing, explore regen
a: no special abilities


You were on level 7 of the Dungeon.
You visited 1 branch of the dungeon, and saw 5 of its levels.

You collected 123 gold pieces.

Inventory:

Hand Weapons
 a - a +0 long sword (weapon)
Missiles
 e - 29 stones (quivered)
Armour
 b - a +0 scale mail (worn)
 c - a +0 buckler (worn)
 l - a +0 cloak (worn)
Jewellery
 m - a ring of protection from cold
Wands
 j - a wand of mindburst (14)
Scrolls
 f - a scroll of fear {unknown}
 g - a scroll of identify {unknown}
Potions
 d - 2 potions of flight {unknown}
 h - a potion of berserk rage {unknown}
 i - a potion of curing {unknown}
 k - a potion of attraction {unknown}


   Skills:
 + Level 4.6 Fighting
 * Level 5.7 Long Blades
 + Level 5.1 Armour
 - Level 3.6 Shields


You had 5 spell levels left.
You didn't know any spells.
Your spell library contained the following spells:

 Spells                   Type           Power      Damage    Failure   Level
 Magic Dart               Conj           0%         1d3       80%         1
 Call Imp                 Summ           0%         N/A       90%         2
 Mephitic Cloud           Conj/Pois/Air  0%         N/A       99%         3


Dungeon Overview and Level Annotations

Branches:
Dungeon (4/15) Zot: 1328
 Temple: D:4-7

Altars:


Innate Abilities, Weirdness & Mutations

You passively map a small area around you.
You are easily found by Zot.
You glow in the dark.
You regain HP and MP as you explore.


Message History

An ice beast comes into view.
The howler monkey hoots and howls with incredible vigour!
A centaur comes into view.
The centaur shouts!
The centaur wields a +0 shortbow.
The centaur shoots an arrow.
The arrow hits you.
The centaur shoots an arrow.
The arrow barely misses you.
The howler monkey attacks as you move away!
You block the howler monkey's attack.
The howler monkey hoots and howls with incredible vigour!
You hear a bellow!
A yak comes into view.
The howler monkey attacks as you move away!
The howler monkey closely misses you.
Found a ring mail.
The howler monkey hoots and howls with incredible vigour!
The centaur shoots an arrow.
The arrow hits you. The yak closely misses you.
The yak gores you but does no damage.
A yak comes into view.
The yak barely misses you.
The howler monkey attacks as you move away!
The howler monkey hits you but does no damage.
The yak attacks as you move away! You block the yak's attack.
The yak gores you. The yak gores you but does no damage.
A yak comes into view.
The howler monkey attacks as you move away!
The howler monkey hits you.
The sky beast flickers out of sight!
Deactivating autopickup; reactivate with Ctrl-A.
The howler monkey attacks as you move away!
The howler monkey hits you.
The howler monkey hoots and howls with incredible vigour!
You hear a shout!
The howler monkey attacks as you move away!
The howler monkey hits you.
* * * LOW HITPOINT WARNING * * *
The yak attacks as you move away! The yak gores you but does no damage.
The howler monkey attacks as you move away!
The howler monkey hits you.
You die...

* #.#.. #.. *
#.... #.# ..###.
#.#, #, #. #.###,,
.#. ..###c #....#
#.# #.... #..#.#
*.#.* #.#..
#....###. [###....
#@# #...#,#...###.
#h###.#.#,#.#.###.
#..##...###K..##..
##cY....O.........
#.YY.............
#################


You could see 2 yaks, an ice beast, a centaur and a howler monkey.

Vanquished Creatures
  Sigmund (D:3)
  Natasha (D:3)
  3 gnolls
  3 adders
  A worm (D:3)
  A bat (D:2)
  4 endoplasms
  A giant cockroach (D:2)
  2 hobgoblins
  5 jackals
  5 quokkas
  5 ball pythons
  2 frilled lizards
  7 kobolds
  3 rats (D:1)
44 creatures vanquished.

Notes
Turn   | Place    | Note
-------+----------+-------------------------------------------
     0 | D:1      | EvilAshe the Meteoran Fighter began the quest for the Orb.
     0 | D:1      | Reached XP level 1. HP: 19/19 MP: 2/2
   129 | D:1      | Reached XP level 2. HP: 21/26 MP: 3/3
  1056 | D:2      | Reached XP level 3. HP: 11/31 MP: 4/4
  1083 | D:2      | Glimpsed the power of Zot.
  1119 | D:3      | Noticed Sigmund
  1131 | D:3      | Killed Sigmund
  1132 | D:3      | Reached skill level 5 in Long Blades
  1132 | D:3      | Reached XP level 4. HP: 4/41 MP: 5/5
  1132 | D:3      | Reached XP level 5. HP: 5/47 MP: 6/6
  1132 | D:3      | Reached XP level 6. HP: 6/53 MP: 7/7
  1612 | D:2      | Reached skill level 5 in Armour
  1668 | D:2      | Glimpsed the power of Zot.
  1716 | D:2      | Glimpsed the power of Zot.
  1754 | D:2      | Glimpsed the power of Zot.
  1764 | D:2      | Touched by the power of Zot.
  1865 | D:2      | Glimpsed the power of Zot.
  1912 | D:2      | Glimpsed the power of Zot.
  1952 | D:3      | Glimpsed the power of Zot.
  1954 | D:3      | Noticed Natasha
  1959 | D:3      | Killed Natasha
  1962 | D:3      | Touched by the power of Zot.
  1975 | D:4      | You fall into a shaft and drop 3 floors!
  2000 | D:7      | Noticed an ogre
  2008 | D:7      | Noticed a sky beast
  2013 | D:7      | Noticed an ice beast
  2016 | D:7      | Noticed a centaur
  2020 | D:7      | Noticed a yak
  2024 | D:7      | Noticed a yak
  2027 | D:7      | Noticed a yak
  2035 | D:7      | Slain by a howler monkey

Illustrated notes

Levels and vault maps discovered:
D:1:      scummos_arrival_hexagon, layout_basic, minmay_misc_feat_enclosed,
          minmay_distorted
D:2:      layout_loops_ring, basic_altar, nrook_uturn
D:3:      layout_loops_corners, kennysheep_generic_room_15, uniq_sigmund,
          uniq_natasha, uniq_jessica
D:4:      cheibrodos_helix_gallery, layout_cave_pods,
          minmay_temple_entry_stoned_glass, serial_shops, shop, shop, shop, shop
D:7:      hellmonk_ruined_rings, layout_basic, nicolae_overflow_hidden_temple,
          hangedman_glass_teeth, minmay_starry_boxes

Skill      XL: |  1  2  3  4  5  6 |
---------------+-------------------+-----
Long Blades    | 3 5 |  5.7
Armour         | 4 5 |  5.1
Fighting       | 4 |  4.6
Shields        | |  3.6

Action                   |  1- 3 |  4- 6 || total
-------------------------+-------+-------++-------
Melee: Long sword        |    69 |    84 ||   153
  Use: Potion            |     1 |       ||     1
Armor: Scale mail        |    29 |    42 ||    71
Dodge: Dodged            |    27 |    41 ||    68
Block: Buckler           |    16 |    24 ||    40
